Map: Orbital Shipyard

Players

Javert

  • Race: Zerg Zerg
  • League: Platinum

MonSoOn - Winner!

  • Race: Zerg Zerg
  • League: Platinum

VOD

Have the link to the VOD?

Description

Time

  • Played on: Aug. 12, 2015, 8:40 p.m.
  • Length: 13:03
Show
View Real Time Build Order
Export as new Build Order

Javert Zerg 

Build Orders: Pool First, Lurkers 

Get SALT Encoding   

  12  0:02  Drone  
  13  0:11  Drone  
  14  0:19  Extractor  
  14  0:20  Extractor  
  12  0:22  Drone x2  
  15  0:41  Spawning Pool  
  14  0:45  Overlord  
  14  0:54  Drone, Extractor  
  15  1:05  Drone x2  
  17  1:12  Drone  
  18  1:20  Drone  
  19  1:29  Roach Warren  
  18  1:34  Queen  
  20  1:42  Overlord  
  20  2:10  Roach x3  
  26  2:21  Roach  
  28  2:32  Roach  
  30  2:42  Overlord  
  30  2:54  Hatchery  
  30  2:58  Overlord  
  29  3:10  Drone x3  
  32  3:17  Drone x4  
  36  3:20  Queen  
  38  3:27  Drone  
  39  3:34  Ravager x3  
  39  3:35  Ravager  
  39  3:38  Overlord  
  43  3:53  Drone x3  
  46  4:02  Extractor  
  45  4:04  Evolution Chamber  
  45  4:07  Drone  
  45  4:08  Drone x3  
  48  4:18  Extractor  
  48  4:19  Extractor  
  46  4:25  Drone  
  46  4:26  Drone x3  
  46  4:27  Lair  
  50  4:33  Drone x2  
  50  4:34  Drone  
  53  4:42  Drone  
  53  4:43  Drone  
  55  4:49  Zerg Missile Weapons Level 1  
  55  4:55  Drone x5  
  60  5:02  Overlord x2  
  60  5:15  Overlord x2  
  60  5:24  Drone x6  
  60  5:25  Drone  
  67  5:31  Glial Reconstitution  
  67  5:37  Drone x3  
  67  5:41  Burrow  
  70  5:43  Overlord  
  70  5:44  Evolution Chamber  
  70  5:49  Overlord  
  63  6:01  Roach x5  
  63  6:02  Roach x2  
  75  6:08  Roach x2  
  79  6:16  Roach x2  
  83  6:19  Zerg Ground Armor Level 1  
  83  6:28  Ravager x2  
  83  6:30  Roach x2  
  89  6:33  Drone  
  89  6:36  Hydralisk Den  
  89  6:38  Overlord  
  89  6:40  Overseer  
  89  6:49  Roach  
  89  6:50  Roach x4  
  89  6:53  Lurker Den  
  99  6:54  Overlord x3  
  99  7:05  Overlord  
  99  7:12  Drone x3  
  95  7:34  Drone  
  95  7:35  Drone x6  
  97  7:46  Hydralisk x3  
  97  7:47  Hydralisk x2  
  107  7:53  Extractor  
  107  7:56  Hatchery, Queen  
  107  7:57  Extractor  
  100  8:12  Roach x6  
  105  8:13  Roach x2  
  106  8:20  Lurker x2  
  106  8:22  Hatchery  
  106  8:26  Overlord  
  101  8:27  Roach x4  
  101  8:28  Roach  
  103  8:43  Zerg Missile Weapons Level 2  
  89  9:04  Drone  
  89  9:05  Drone x8  
  98  9:17  Zerg Ground Armor Level 2  
  98  9:19  Roach x2  
  98  9:20  Roach x3  
  108  9:33  Roach  
  108  9:34  Roach x2  
  114  9:39  Overlord  
  114  9:42  Muscular Augments  
  114  9:51  Roach x4  
  114  9:52  Roach x5  
  132  10:00  Spine Crawler  
  132  10:01  Spore Crawler  
  130  10:15  Hydralisk x4  
  130  10:16  Hydralisk x3  
  144  10:22  Lurker  
  145  10:28  Extractor  
  145  10:29  Extractor  
  145  10:30  Spine Crawler  
  145  10:31  Spine Crawler  
  145  10:32  Spine Crawler  
  145  10:33  Drone x3  
  145  10:34  Drone x2  
  145  10:38  Lurker  
  146  10:47  Overlord  
  146  10:50  Overlord  
  146  10:55  Queen  
  116  11:21  Drone x7  
  116  11:22  Drone x7  
  116  11:23  Drone x4  
  127  11:30  Drone x23  
  127  11:37  Hatchery, Hydralisk x2  
  130  12:00  Ravager x7  
  130  12:01  Ravager  
  138  12:03  Hydralisk  
  138  12:04  Hydralisk  
  138  12:05  Hatchery  
  141  12:09  Hatchery  
  140  12:24  Overseer  
  140  12:41  Overlord  
  140  12:42  Overlord  
Show
View Real Time Build Order
Export as new Build Order

MonSoOn Zerg - Winner!

Build Orders: Hatch First, Lurkers 

Get SALT Encoding   

  12  0:01  Drone  
  13  0:12  Overlord  
  13  0:19  Drone  
  14  0:30  Drone x2  
  16  0:38  Drone  
  17  0:53  Hatchery  
  16  0:57  Drone  
  16  1:00  Drone  
  16  1:03  Extractor  
  17  1:08  Drone  
  18  1:19  Spawning Pool  
  18  1:22  Drone  
  18  1:31  Drone  
  19  1:39  Overlord  
  19  1:50  Drone  
  20  2:05  Metabolic Boost  
  20  2:06  Queen  
  20  2:07  Queen  
  24  2:12  Drone  
  24  2:13  Drone  
  24  2:15  Drone  
  26  2:23  Drone x2  
  28  2:35  Spine Crawler  
  28  2:36  Spine Crawler  
  26  2:46  Spine Crawler  
  25  2:59  Drone x4  
  25  3:01  Spine Crawler  
  28  3:10  Roach Warren  
  28  3:11  Drone  
  28  3:22  Lair  
  28  3:28  Zergling x4  
  28  3:29  Drone x2  
  28  3:33  Drone  
  28  3:34  Drone  
  34  3:37  Overlord  
  34  3:52  Drone x2  
  34  3:54  Overlord x2  
  35  4:10  Overlord  
  35  4:13  Roach x5  
  35  4:14  Roach  
  47  4:23  Glial Reconstitution  
  49  4:24  Roach  
  49  4:28  Drone  
  49  4:29  Drone x3  
  53  4:31  Drone x2  
  55  4:42  Overlord x2  
  54  4:54  Extractor  
  54  4:55  Extractor  
  52  5:03  Drone x6  
  52  5:04  Drone x2  
  52  5:07  Roach x3  
  66  5:11  Overlord x2  
  66  5:14  Overlord  
  66  5:26  Evolution Chamber, Overlord  
  65  5:29  Overlord  
  65  5:31  Roach x2  
  69  5:36  Burrow  
  69  5:42  Drone x3  
  72  5:43  Drone  
  72  5:44  Extractor  
  72  5:45  Roach x2  
  76  5:58  Roach x2  
  76  5:59  Roach x2  
  84  6:12  Tunneling Claws  
  85  6:18  Drone x3  
  85  6:19  Overlord  
  85  6:20  Roach  
  85  6:23  Hatchery  
  88  6:32  Zerg Missile Weapons Level 1  
  88  6:35  Overlord x2  
  88  6:56  Queen  
  88  6:57  Overlord  
  88  6:58  Queen  
  92  7:04  Roach x5  
  102  7:08  Overlord  
  102  7:10  Roach x5  
  102  7:13  Overlord  
  112  7:18  Roach x2  
  100  7:31  Roach  
  100  7:32  Roach x5  
  108  7:42  Roach x17  
  108  7:43  Roach x3  
  108  7:44  Roach x2  
  114  7:53  Roach x4  
  116  8:06  Roach x2  
  116  8:07  Roach x4  
  118  8:14  Overlord  
  118  8:15  Roach x2  
  122  8:22  Drone x5  
  127  8:27  Overlord  
  127  8:28  Overseer  
  127  8:37  Roach x4  
  133  8:42  Roach x2  
  133  8:43  Roach  
  127  9:00  Drone  
  127  9:01  Drone x6  
  124  9:05  Hydralisk Den  
  124  9:07  Overseer, Roach x7  
  124  9:08  Roach x15  
  124  9:09  Roach x7  
  123  9:12  Pneumatized Carapace  
  123  9:13  Roach x5  
  123  9:16  Zerg Missile Weapons Level 2  
  133  9:28  Lurker Den  
  133  9:32  Drone x4  
  133  9:33  Drone x3  
  133  9:35  Extractor  
  133  9:36  Extractor  
  138  9:58  Nydus Network, Hydralisk x4  
  145  10:00  Overlord x2  
  145  10:01  Drone x2  
  147  10:07  Overseer  
  147  10:14  Hatchery  
  146  10:23  Hydralisk x3  
  146  10:24  Hydralisk x2  
  156  10:36  Nydus Canal  
  156  10:37  Overlord  
  156  10:42  Hatchery  
  156  10:46  Hydralisk x2  
  156  10:47  Hydralisk x5  
  165  11:18  Hydralisk x6  
  151  11:21  Lurker x2  
  159  11:30  Overseer  
  159  11:39  Lurker x2  
  159  11:48  Extractor  
  159  11:50  Extractor  
  157  11:54  Hydralisk x2  
  157  11:55  Hydralisk x2  
  157  11:57  Lurker  
  157  11:59  Drone  
  157  12:00  Drone x7  
  174  12:18  Queen  
  176  12:26  Lurker x2  
  176  12:27  Lurker x3  
  178  12:40  Spore Crawler, Nydus Canal  
  178  12:41  Spine Crawler  
  176  12:50  Spine Crawler  
  176  12:51  Spine Crawler  
Tags
 
Add a new tag
Caveats
  • Supply blocks, unpowered buildings, or Contaminate may cause inaccurate times.
  • Supply counts are checked every 10 seconds.